AoeStats
← posteau.w

Arena

509161557Analyzed
1v1 RM · 5d ago on Sep 25, 2026· 19m 29s· 2 players
Game mode
Random Map
Map size
Tiny (2 player)
Population
200
Speed
Normal
Resources
Standard
Victory
Conquest
Starting age
Dark Age
Ending age
Imperial Age
RankedLock teamsTeams togetherTeam positionsShared explorationLock speedFull tech treeHidden civsTurbo modeCheats
Victory
Defeat
🇺🇸 Japanese · United States
693
+30
🇧🇪 Britons · Belgium
689
-16
posteau.w
0:26 Loom
10:30 Feudal Age
11:07 Double-Bit Axe
11:45 Horse Collar
13:56 Gold Mining
18:08 Castle Age
16:27 Stone Mining
19:33 Wheelbarrow
19:22 Bow Saw
Joe_Difolt
13:11 Feudal Age
11:30 Loom
16:15 Wheelbarrow
16:27 Wheelbarrow
18:31 Castle Age
17:43 Double-Bit Axe
17:42 Horse Collar
17:58 Stone Mining
18:04 Gold Mining
20:19 Hand Cart
Connection lost

Rejoining the realm…

Still unreachable

The connection could not be restored.

Session expired

The server has moved on; the page needs a fresh start.